[Event "ICC tourney 2525 (15 10)"]
[Site "Internet Chess Club"]
[Date "2021.02.21"]
[Round "1"]
[White "TheSuperKing"]
[Black "ChessPro124851"]
[Result "1-0"]
[ICCResult "Black checkmated"]
[WhiteElo "1701"]
[BlackElo "1441"]
[Opening "Sicilian defense"]
[ECO "B33"]
[NIC "SI.34"]
[Time "12:05:26"]
[PlyCount "65"]
[TimeControl "900+10"]

1. e4 c5 2. Nf3 Nc6 3. d4 cxd4 4. Nxd4 Nf6 5. Nc3 Qb6 6. Nxc6 dxc6 7. Be2
e6 8. O-O Bb4 9. Qd3 Bxc3 10. Qxc3 O-O 11. Bd3 Qc7 12. h3 h6 13. Bxh6 Nh5
14. Be3 e5 15. Rad1 Be6 16. Be2 Nf4 17. Bxf4 exf4 18. Bc4 f3 19. Bxe6 fxe6
20. Rd3 fxg2 21. Kxg2 Qf4 22. Qc4 Qg5+ 23. Rg3 Qf6 24. Qc3 e5 25. Qb3+ Rf7
26. Rf3 Qg6+ 27. Kh2 Rf8 28. Rf5 Kh8 29. Rg1 Rxf5 30. Rxg6 Rxf2+ 31. Rg2
R2f3 32. Qxb7 Re3 33. Qxg7# { Black checkmated } 1-0

[Event "ICC tourney 2525 (15 10)"]
[Site "Internet Chess Club"]
[Date "2021.02.21"]
[Round "1"]
[White "pangpangba"]
[Black "LittleJimmy"]
[Result "1/2-1/2"]
[ICCResult "Game drawn by repetition"]
[WhiteElo "1652"]
[BlackElo "1410"]
[Opening "Scotch game"]
[ECO "C45"]
[NIC "SO.05"]
[Time "12:05:35"]
[PlyCount "102"]
[TimeControl "900+10"]

1. e4 e5 2. Nf3 Nc6 3. d4 exd4 4. Nxd4 Bc5 5. Be3 Qf6 6. c3 d6 7. Nc2 Bxe3
8. Nxe3 Be6 9. Nd2 Nge7 10. g3 h5 11. h4 a6 12. Bg2 Ne5 13. Qe2 Ng4 14.
Nxg4 Bxg4 15. Qe3 Nc6 16. Nf3 O-O 17. O-O Rfe8 18. Qd3 Ne5 19. Nxe5 Qxe5
20. Rfe1 Qf6 21. Qd4 Qe5 22. Qxe5 dxe5 23. Bf1 Rad8 24. Bc4 Rd2 25. Rab1
Red8 26. Bb3 Re2 27. Rxe2 Bxe2 28. Kg2 Rd2 29. Kg1 Bf3 30. Kf1 Bxe4 31. Rd1
Rxd1+ 32. Bxd1 Kf8 33. Bxh5 Ke7 34. Ke2 Bd5 35. a3 f6 36. Ke3 Kd6 37. b4 c5
38. Be2 cxb4 39. axb4 b5 40. Bg4 Be6 41. Bf3 Bd5 42. Bg4 Be6 43. Bf3 Bd5
44. Bg4 Be6 45. Bf3 Bd5 46. Bg4 Be6 47. Bf3 Bd5 48. Bg4 Be6 49. Bf3 Bd5 50.
Bg4 Be6 51. Bf3 Bd5 { Game drawn by repetition } 1/2-1/2

[Event "ICC tourney 2525 (15 10)"]
[Site "Internet Chess Club"]
[Date "2021.02.21"]
[Round "1"]
[White "WCCRBS"]
[Black "TheChessKid9753"]
[Result "1/2-1/2"]
[ICCResult "Game drawn by mutual agreement"]
[WhiteElo "1250"]
[BlackElo "1631"]
[Opening "Sicilian: Najdorf, Lipnitzky attack"]
[ECO "B50"]
[NIC "SI.13"]
[Time "12:05:54"]
[PlyCount "150"]
[TimeControl "900+10"]

1. e4 c5 2. Nf3 d6 3. Bc4 Nf6 4. Nc3 a6 5. d4 cxd4 6. Nxd4 b5 7. Bd5 Nxd5
8. Nxd5 e6 9. Ne3 Bb7 10. Qd3 Be7 11. Bd2 Nd7 12. f3 O-O 13. O-O-O Rc8 14.
Bc3 Qc7 15. Kb1 Nc5 16. Qd2 Na4 17. Ba5 Qc5 18. Nb3 Qe5 19. Qd4 Qxd4 20.
Rxd4 Nc5 21. Nxc5 Rxc5 22. Bb4 Rc6 23. e5 Re8 24. exd6 Bf6 25. d7 Rd8 26.
Rd2 Rc7 27. Rhd1 Bc6 28. Ba5 Rb7 29. Bxd8 Bxd8 30. Rd6 Rc7 31. Ng4 Kf8 32.
Ne5 Bb7 33. Rb6 Ke7 34. Rdd6 Rc5 35. Nc6+ Bxc6 36. Rbxc6 Re5 37. Kc1 Ba5
38. c3 Bd8 39. Rxa6 Re2 40. Rd3 Rxg2 41. Ra8 Rxh2 42. Rb8 Rh5 43. Rd4 Rf5
44. f4 h5 45. Kd2 h4 46. Ke2 h3 47. Kf3 h2 48. Rd1 g5 49. Kg3 gxf4+ 50.
Kxh2 f3 51. Kg1 f2+ 52. Kf1 f6 53. Rb7 Kf8 54. Rd2 Ke7 55. Rxf2 Rxf2+ 56.
Kxf2 e5 57. Rxb5 Kxd7 58. a4 Kc6 59. c4 Bb6+ 60. Kf3 Bc5 61. a5 f5 62. b4
e4+ 63. Ke2 Bd6 64. c5 Bc7 65. Rb6+ Bxb6 66. cxb6 Kb7 67. b5 f4 68. Kf2 Ka8
69. a6 Kb8 70. b7 Ka7 71. b6+ Kb8 72. a7+ Kxb7 73. Ke2 f3+ 74. Kf2 Ka8 75.
Ke3 Kb7 { Game drawn by mutual agreement } 1/2-1/2

[Event "ICC tourney 2525 (15 10)"]
[Site "Internet Chess Club"]
[Date "2021.02.21"]
[Round "1"]
[White "sophiaz7"]
[Black "wcchloe"]
[Result "1/2-1/2"]
[ICCResult "Game drawn because neither player has mating material"]
[WhiteElo "1425"]
[BlackElo "1663"]
[Opening "Sicilian: Najdorf"]
[ECO "B90"]
[NIC "SI.14"]
[Time "12:07:31"]
[PlyCount "131"]
[TimeControl "900+10"]

1. e4 c5 2. Nf3 d6 3. d4 cxd4 4. Nxd4 Nf6 5. Nc3 a6 6. f3 e6 7. Be3 Be7 8.
Qd2 O-O 9. O-O-O b5 10. g4 Bb7 11. h4 Nc6 12. h5 Nd7 13. g5 Nxd4 14. Qxd4
Bxg5 15. Bxg5 Qxg5+ 16. Kb1 Ne5 17. Be2 Rfd8 18. Rdg1 Qh6 19. Qf2 f6 20. f4
Nf7 21. Rh3 Rd7 22. Rhg3 Nd8 23. f5 e5 24. Bf3 Rc8 25. R3g2 Kf8 26. Nd1
Rcc7 27. Ne3 d5 28. exd5 a5 29. Ng4 Qf4 30. h6 Rd6 31. hxg7+ Rxg7 32. Ne3
Rxg2 33. Rxg2 Nf7 34. Rg4 Qh6 35. Qg1 Ng5 36. Be4 Qh3 37. Bg2 Qh6 38. Qf2
Rd7 39. Rh4 Qg7 40. Ng4 Bxd5 41. Qc5+ Kg8 42. Bxd5+ Rxd5 43. Qxd5+ Nf7 44.
Qa8+ Qf8 45. Nxf6+ Kg7 46. Qxf8+ Kxf8 47. Nxh7+ Kg7 48. f6+ Kg6 49. Kc1 Nd6
50. Kd2 a4 51. b3 axb3 52. axb3 Nf7 53. c4 Nd6 54. cxb5 Nxb5 55. Ke3 Nd6
56. b4 Nf5+ 57. Ke4 Nxh4 58. Nf8+ Kxf6 59. b5 Ke7 60. Nh7 Ng6 61. b6 Kd6
62. Nf6 Ne7 63. b7 Nc6 64. Ng4 Kc7 65. b8=Q+ Kxb8 66. Nxe5 { Game drawn
because neither player has mating material } 1/2-1/2

[Event "ICC tourney 2525 (15 10)"]
[Site "Internet Chess Club"]
[Date "2021.02.21"]
[Round "2"]
[White "ChessPro124851"]
[Black "WCCRBS"]
[Result "1-0"]
[ICCResult "Black resigns"]
[WhiteElo "1441"]
[BlackElo "1250"]
[Opening "Queen's pawn game"]
[ECO "A46"]
[NIC "QP.05"]
[Time "13:08:10"]
[PlyCount "49"]
[TimeControl "900+10"]

1. d4 Nf6 2. Nf3 e6 3. Bf4 d5 4. e3 Bd6 5. Bxd6 cxd6 6. Nc3 Nc6 7. Qd2 Ne4
8. Nxe4 dxe4 9. Ng1 e5 10. dxe5 Nxe5 11. f4 Ng6 12. O-O-O Bg4 13. Bb5+ Ke7
14. Be2 Bxe2 15. Nxe2 Rc8 16. Nc3 a6 17. Nxe4 Nh4 18. g3 Nf5 19. g4 d5 20.
gxf5 dxe4 21. Qb4+ Kf6 22. Rxd8 Rhxd8 23. Qxb7 Kxf5 24. Qxa6 Rd3 25. Qxc8+
{ Black resigns } 1-0

[Event "ICC tourney 2525 (15 10)"]
[Site "Internet Chess Club"]
[Date "2021.02.21"]
[Round "2"]
[White "ew06"]
[Black "HengruiZhang"]
[Result "0-1"]
[ICCResult "White checkmated"]
[WhiteElo "1236"]
[BlackElo "1534"]
[Opening "Scandinavian (center counter) defense"]
[ECO "B01"]
[NIC "SD.01"]
[Time "13:07:27"]
[PlyCount "70"]
[TimeControl "900+10"]

1. e4 d5 2. exd5 Qxd5 3. Nc3 Qa5 4. d4 c5 5. Nf3 Nf6 6. Bd2 e6 7. Nd5 Qd8
8. Nxf6+ Qxf6 9. Bg5 Qg6 10. dxc5 f6 11. Be3 Be7 12. Bb5+ Nc6 13. O-O O-O
14. h3 e5 15. Qd5+ Kh8 16. Bxc6 bxc6 17. Qxc6 Bxh3 18. Nh2 e4 19. g3 Bxf1
20. Rxf1 Rfc8 21. Qe6 Bxc5 22. Bxc5 Rxc5 23. c3 Re8 24. Qd6 Rce5 25. Re1 h6
26. Nf1 Qf7 27. b3 Qe7 28. Qa6 Rc5 29. Ne3 Qc7 30. c4 Ra5 31. Nd5 Qd8 32.
Qb7 Rxa2 33. Nc3 Qd2 34. Rxe4 Qxf2+ 35. Kh1 Qg2# { White checkmated } 0-1

[Event "ICC tourney 2525 (15 10)"]
[Site "Internet Chess Club"]
[Date "2021.02.21"]
[Round "2"]
[White "sophiaz7"]
[Black "pangpangba"]
[Result "0-1"]
[ICCResult "White checkmated"]
[WhiteElo "1425"]
[BlackElo "1652"]
[Opening "Sicilian"]
[ECO "B56"]
[NIC "SI.25"]
[Time "13:08:23"]
[PlyCount "68"]
[TimeControl "900+10"]

1. e4 c5 2. Nf3 d6 3. d4 cxd4 4. Nxd4 Nf6 5. Nc3 Nc6 6. f3 e5 7. Nb3 Be7 8.
Be3 O-O 9. Qd2 Be6 10. O-O-O a5 11. Kb1 a4 12. Nc1 a3 13. Nb3 axb2 14. Kxb2
Na5 15. Nd5 Nxd5 16. exd5 Nxb3 17. axb3 Bf5 18. g4 Bg6 19. h4 h5 20. Bd3
Qa5 21. Qxa5 Rxa5 22. Bxg6 fxg6 23. Rh3 Bf6 24. g5 Be7 25. Bb6 Ra6 26. Be3
Rfa8 27. f4 Ra2+ 28. Kc1 Rc8 29. Rh2 Bd8 30. fxe5 Ba5 31. Kb1 Bc3 32. Kxa2
Ra8+ 33. Ba7 Rxa7+ 34. Kb1 Ra1# { White checkmated } 0-1

[Event "ICC tourney 2525 (15 10)"]
[Site "Internet Chess Club"]
[Date "2021.02.21"]
[Round "2"]
[White "alphachesplayer"]
[Black "TheSuperKing"]
[Result "1/2-1/2"]
[ICCResult "Game drawn by mutual agreement"]
[WhiteElo "1713"]
[BlackElo "1701"]
[Opening "Ruy Lopez: closed, Chigorin, 12...c5d4"]
[ECO "C99"]
[NIC "RL.24"]
[Time "13:07:28"]
[PlyCount "100"]
[TimeControl "900+10"]

1. e4 e5 2. Nf3 Nc6 3. Bb5 a6 4. Ba4 Nf6 5. O-O Be7 6. Re1 b5 7. Bb3 d6 8.
c3 O-O 9. h3 Na5 10. Bc2 c5 11. d4 Qc7 12. Nbd2 cxd4 13. cxd4 Nc6 14. Nb3
a5 15. Be3 a4 16. Nbd2 Bd7 17. Rc1 Qb7 18. a3 Rac8 19. Qe2 exd4 20. Nxd4
Nxd4 21. Bxd4 b4 22. Bd3 Rc6 23. Nc4 Qc7 24. axb4 Rb8 25. e5 Ne8 26. exd6
Bxd6 27. Qe4 g6 28. b5 Bh2+ 29. Kh1 Re6 30. Ne5 Bxe5 31. Bxe5 Qb7 32. Qxb7
Rxb7 33. Bc4 Re7 34. Bg3 Rxe1+ 35. Rxe1 Kf8 36. Bf4 Bxb5 37. Bh6+ Ng7 38.
Bxb5 Rxb5 39. Rc1 Rb8 40. Rc4 Ra8 41. Kh2 Kg8 42. Bxg7 Kxg7 43. Kg3 a3 44.
bxa3 Rxa3+ 45. f3 Kf6 46. Rf4+ Kg7 47. Re4 h5 48. h4 f5 49. Re6 Kf7 50. Rb6
Re3 { Game drawn by mutual agreement } 1/2-1/2

[Event "ICC tourney 2525 (15 10)"]
[Site "Internet Chess Club"]
[Date "2021.02.21"]
[Round "2"]
[White "TheChessKid9753"]
[Black "LittleJimmy"]
[Result "1-0"]
[ICCResult "Black checkmated"]
[WhiteElo "1631"]
[BlackElo "1410"]
[Opening "Queen's pawn, Mason variation"]
[ECO "D00"]
[NIC "QP.08"]
[Time "13:07:30"]
[PlyCount "77"]
[TimeControl "900+10"]

1. d4 d5 2. Bf4 Nf6 3. e3 Bf5 4. Nf3 e6 5. Bd3 Bxd3 6. Qxd3 c6 7. O-O Nbd7
8. c4 Be7 9. Nc3 O-O 10. Rad1 Qb6 11. b3 a5 12. Rb1 Qd8 13. Rfe1 Nh5 14.
Bg3 Nxg3 15. hxg3 Nf6 16. e4 Nxe4 17. Nxe4 dxe4 18. Qxe4 Qc7 19. d5 Bb4 20.
Re3 exd5 21. cxd5 cxd5 22. Qxd5 Rad8 23. Qe4 Rd7 24. Ng5 g6 25. Qh4 f6 26.
Ne6 Qd6 27. Nxf8 Qxf8 28. Qc4+ Kg7 29. Rd3 Re7 30. Rbd1 Qe8 31. Qg4 f5 32.
Qd4+ Kf8 33. Qh8+ Kf7 34. Qxh7+ Kf6 35. Qh4+ Kf7 36. Qc4+ Kf6 37. Rd8 Qf7
38. Qh4+ Kg7 39. Qh8# { Black checkmated } 1-0

[Event "ICC tourney 2525 (15 10)"]
[Site "Internet Chess Club"]
[Date "2021.02.21"]
[Round "2"]
[White "wcchloe"]
[Black "Chessamma"]
[Result "1/2-1/2"]
[ICCResult "Game drawn by mutual agreement"]
[WhiteElo "1663"]
[BlackElo "1597"]
[Opening "Sicilian: Najdorf, Byrne (English) attack"]
[ECO "B90"]
[NIC "SI.14"]
[Time "13:07:43"]
[PlyCount "100"]
[TimeControl "900+10"]

1. e4 c5 2. Nf3 d6 3. d4 cxd4 4. Nxd4 Nf6 5. Nc3 a6 6. Be3 e5 7. Nb3 Be6 8.
f3 Be7 9. Be2 h5 10. Qd2 Nbd7 11. O-O-O Rc8 12. Kb1 b5 13. Rhe1 Qc7 14. Rc1
b4 15. Nd5 Nxd5 16. exd5 Bf5 17. Bd3 Bxd3 18. cxd3 Qb7 19. Rxc8+ Qxc8 20.
Qxb4 O-O 21. g4 hxg4 22. Qxg4 Nf6 23. Qg2 Qf5 24. Qe2 Nxd5 25. Bd2 Bg5 26.
Rc1 Bxd2 27. Nxd2 Rc8 28. Qe4 Rxc1+ 29. Kxc1 Qxe4 30. dxe4 Nb6 31. Kc2 g6
32. Kc3 a5 33. Nc4 Na4+ 34. Kd2 Kg7 35. b3 Nc5 36. Nxd6 Kf6 37. h4 Ke6 38.
Nc4 Nb7 39. a3 f5 40. exf5+ Kxf5 41. Ke3 Ke6 42. Ke4 Nc5+ 43. Ke3 Nxb3 44.
Nxa5 Nxa5 45. a4 Kf5 46. Ke2 Kf4 47. Kf2 Nc4 48. Kg2 g5 49. h5 Kf5 50. Kg3
Na5 { Game drawn by mutual agreement } 1/2-1/2

[Event "ICC tourney 2525 (15 10)"]
[Site "Internet Chess Club"]
[Date "2021.02.21"]
[Round "3"]
[White "pangpangba"]
[Black "alphachesplayer"]
[Result "1-0"]
[ICCResult "Black checkmated"]
[WhiteElo "1652"]
[BlackElo "1713"]
[Opening "Scotch: Meitner variation"]
[ECO "C45"]
[NIC "SO.05"]
[Time "14:02:47"]
[PlyCount "57"]
[TimeControl "900+10"]

1. e4 e5 2. Nf3 Nc6 3. d4 exd4 4. Nxd4 Bc5 5. Be3 Qf6 6. c3 Nge7 7. Nc2
Bxe3 8. Nxe3 d6 9. Nd2 Ng6 10. g3 O-O 11. Bg2 Be6 12. O-O Qe7 13. Nd5 Bxd5
14. exd5 Nce5 15. Re1 Qd7 16. f4 Nd3 17. Re3 Nc5 18. Qc2 Rae8 19. Rae1 Rxe3
20. Rxe3 Re8 21. Ne4 Qf5 22. Nf6+ Qxf6 23. Rxe8+ Nf8 24. Qe2 Qg6 25. Qe7
Nd7 26. Qxd7 Qb1+ 27. Bf1 Qxb2 28. Rxf8+ Kxf8 29. Qd8# { Black checkmated }
1-0

[Event "ICC tourney 2525 (15 10)"]
[Site "Internet Chess Club"]
[Date "2021.02.21"]
[Round "3"]
[White "TheSuperKing"]
[Black "TheChessKid9753"]
[Result "1-0"]
[ICCResult "Black checkmated"]
[WhiteElo "1701"]
[BlackElo "1631"]
[Opening "Sicilian: Najdorf, Byrne (English) attack"]
[ECO "B90"]
[NIC "SI.14"]
[Time "14:02:46"]
[PlyCount "95"]
[TimeControl "900+10"]

1. e4 c5 2. Nf3 d6 3. d4 cxd4 4. Nxd4 Nf6 5. Nc3 a6 6. Be3 e5 7. Nb3 Be6 8.
f3 Nbd7 9. Qd2 Rc8 10. g4 h6 11. O-O-O Be7 12. h4 b5 13. Bg2 Nh7 14. g5 h5
15. f4 g6 16. Rhf1 Bg4 17. Bf3 Bxf3 18. Rxf3 Nhf8 19. f5 Nh7 20. Nd5 O-O
21. f6 Bxf6 22. gxf6 Nhxf6 23. Bg5 Kg7 24. Nxf6 Kh8 25. Qxd6 Qc7 26. Qxc7
Rxc7 27. Nxd7 Rfc8 28. Nbc5 Kg8 29. Rd5 Kg7 30. Bf6+ Kg8 31. Bxe5 Rc6 32.
Nf6+ Kf8 33. Ncd7+ Ke7 34. Rc3 Rxc3 35. Bxc3 Ke6 36. Re5+ Kd6 37. Bb4+ Kc6
38. Rc5+ Kb7 39. Rxc8 Kxc8 40. Ne5 Kc7 41. Nxf7 Kc6 42. e5 Kb6 43. e6 a5
44. e7 axb4 45. e8=Q b3 46. Qb8+ Kc5 47. Qd6+ Kc4 48. axb3# { Black
checkmated } 1-0

[Event "ICC tourney 2525 (15 10)"]
[Site "Internet Chess Club"]
[Date "2021.02.21"]
[Round "3"]
[White "WCCRBS"]
[Black "ew06"]
[Result "0-1"]
[ICCResult "White resigns"]
[WhiteElo "1250"]
[BlackElo "1236"]
[Opening "Giuoco Piano"]
[ECO "C54"]
[NIC "IG.02"]
[Time "14:03:21"]
[PlyCount "90"]
[TimeControl "900+10"]

1. e4 e5 2. Nf3 Nc6 3. Bc4 Bc5 4. c3 Nf6 5. d4 exd4 6. cxd4 Bb4+ 7. Bd2
Bxd2+ 8. Nbxd2 d5 9. exd5 Nxd5 10. Qb3 Na5 11. Qa4+ Nc6 12. Qb5 Ne7 13. d5
a6 14. Qb3 Na5 15. Qd3 Bf5 16. Ne4 Nxc4 17. Qxc4 Qxd5 18. Qxd5 Nxd5 19. Ng3
Bg6 20. O-O O-O 21. Rad1 Nb6 22. Rfe1 Rfe8 23. Kf1 f6 24. h4 Bc2 25. Rd2
Rxe1+ 26. Nxe1 Ba4 27. Re2 Bb5 28. Nf3 Bxe2+ 29. Kxe2 Re8+ 30. Kd3 Rd8+ 31.
Ke3 Nc4+ 32. Kf4 Nxb2 33. Nf5 Re8 34. N3d4 Nd3+ 35. Kf3 Ne1+ 36. Kg3 Nd3
37. Kf3 Ne1+ 38. Kg3 g6 39. Nh6+ Kg7 40. Ng4 c5 41. Nb3 c4 42. Nc1 Nd3 43.
Nxd3 cxd3 44. Ne3 Rxe3+ 45. fxe3 d2 { White resigns } 0-1

[Event "ICC tourney 2525 (15 10)"]
[Site "Internet Chess Club"]
[Date "2021.02.21"]
[Round "3"]
[White "HengruiZhang"]
[Black "wcchloe"]
[Result "1-0"]
[ICCResult "Black checkmated"]
[WhiteElo "1534"]
[BlackElo "1663"]
[Opening "Queen's pawn: London system"]
[ECO "A45"]
[NIC "QP.05"]
[Time "14:03:02"]
[PlyCount "133"]
[TimeControl "900+10"]

1. d4 Nf6 2. Bf4 e6 3. Nf3 b6 4. e3 Bb7 5. Be2 Be7 6. Nc3 O-O 7. Qd2 d5 8.
a3 Nbd7 9. h3 c5 10. dxc5 Nxc5 11. O-O Rc8 12. Rfd1 h6 13. Nb5 a6 14. Nc3
Nce4 15. Nxe4 Nxe4 16. Qe1 Rxc2 17. Bd3 Nxf2 18. Bxc2 Nxd1 19. Rxd1 Qd7 20.
Ne5 Qb5 21. b4 Rc8 22. Bb3 Bf6 23. Nf3 Qe8 24. Be5 Bxe5 25. Nxe5 Qe7 26.
Rc1 Ra8 27. Ba2 Qg5 28. Nf3 Qf6 29. Bb1 Qe7 30. Qc3 g6 31. Qc7 Qxc7 32.
Rxc7 Rb8 33. Ne5 Bc8 34. Nc6 Ra8 35. Ne7+ Kf8 36. Rxc8+ Rxc8 37. Nxc8 b5
38. Na7 Ke7 39. Nc6+ Kd6 40. Nd4 e5 41. Nf3 g5 42. g4 Ke6 43. Bc2 e4 44.
Nd4+ Kd6 45. a4 bxa4 46. Bxa4 Ke5 47. Bc6 Kd6 48. Bb7 a5 49. bxa5 Kc7 50.
a6 Kb8 51. Bxd5 Ka7 52. Bc4 f6 53. Nc6+ Ka8 54. a7 Kb7 55. Bd5 Ka8 56. Kg2
h5 57. gxh5 f5 58. h6 f4 59. exf4 e3 60. Kf3 gxf4 61. h7 e2 62. Kxe2 f3+
63. Kxf3 Kb7 64. h4 Kc7 65. h8=Q Kb7 66. Qb8+ Ka6 67. Bc4# { Black
checkmated } 1-0

[Event "ICC tourney 2525 (15 10)"]
[Site "Internet Chess Club"]
[Date "2021.02.21"]
[Round "3"]
[White "Chessamma"]
[Black "ChessPro124851"]
[Result "1-0"]
[ICCResult "Black checkmated"]
[WhiteElo "1597"]
[BlackElo "1441"]
[Opening "Sicilian defense"]
[ECO "B33"]
[NIC "SI.34"]
[Time "14:02:46"]
[PlyCount "155"]
[TimeControl "900+10"]

1. e4 c5 2. Nf3 Nc6 3. d4 cxd4 4. Nxd4 Nf6 5. Nc3 Qb6 6. Nb3 e5 7. Be3 Qd8
8. f3 Be7 9. Be2 O-O 10. O-O b6 11. Qd2 d6 12. Rad1 a6 13. a4 Be6 14. Nd5
Bxd5 15. exd5 Nb8 16. Qb4 Nbd7 17. c4 Nc5 18. Bxc5 bxc5 19. Qc3 Nd7 20. Na5
Qb6 21. Nc6 Bf6 22. Qc2 Nb8 23. Nxb8 Raxb8 24. Rb1 Qa5 25. b3 Rb4 26. Qd3
Rfb8 27. Bd1 Qb6 28. Bc2 g6 29. Qe4 Qd8 30. f4 exf4 31. Qxf4 Bd4+ 32. Kh1
Qd7 33. h4 h5 34. Qg5 Kh7 35. Qxh5+ Kg7 36. Qg5 f6 37. Qxg6+ Kf8 38. Bf5
Qg7 39. Qxg7+ Kxg7 40. Bc2 R4b7 41. Rbe1 Rh8 42. g3 Be5 43. Kg2 Kf8 44. Rh1
Rg7 45. Re3 a5 46. Kh3 Kf7 47. g4 Rhg8 48. Rg1 f5 49. Bxf5 Rh8 50. Rf3 Bf6
51. h5 Rxh5+ 52. gxh5 Rxg1 53. Bg6+ Kg7 54. Kh2 Rxg6 55. hxg6 Kxg6 56. Re3
Be5+ 57. Kg2 Kf5 58. Kf3 Bd4 59. Re6 Be5 60. Re8 Bc3 61. Rd8 Be5 62. Ke3
Kf6 63. Kd3 Bg3 64. Rg8 Be1 65. Re8 Bb4 66. Re6+ Kf7 67. Rxd6 Ke7 68. Rb6
Kd7 69. Rxb4 cxb4 70. Kd4 Kd6 71. c5+ Kc7 72. c6 Kd6 73. Kc4 Kc7 74. Kc5
Kb8 75. d6 Kc8 76. Kb6 Kb8 77. d7 Ka8 78. d8=R# { Black checkmated } 1-0

[Event "ICC tourney 2525 (15 10)"]
[Site "Internet Chess Club"]
[Date "2021.02.21"]
[Round "4"]
[White "pangpangba"]
[Black "TheSuperKing"]
[Result "0-1"]
[ICCResult "White checkmated"]
[WhiteElo "1652"]
[BlackElo "1701"]
[Opening "Scotch: Mieses variation"]
[ECO "C45"]
[NIC "SO.04"]
[Time "15:30:38"]
[PlyCount "62"]
[TimeControl "900+10"]

1. e4 e5 2. Nf3 Nc6 3. d4 exd4 4. Nxd4 Nf6 5. Nxc6 bxc6 6. e5 Qe7 7. Qe2
Nd5 8. c4 Nb6 9. Nc3 Ba6 10. Qe4 Qe6 11. b3 Bb4 12. Bd2 Bxc3 13. Bxc3 d5
14. cxd5 cxd5 15. Qd4 Bxf1 16. Rxf1 O-O 17. O-O-O c5 18. Qxc5 Rac8 19. Qd4
Rxc3+ 20. Qxc3 Rc8 21. Qxc8+ Qxc8+ 22. Kb2 Qf5 23. f4 Qe4 24. Rd2 Qe3 25.
Rff2 d4 26. Rc2 d3 27. Rcd2 Qd4+ 28. Kb1 Nd5 29. Rf3 Nb4 30. a3 Qc3 31. Rb2
Qe1# { White checkmated } 0-1

[Event "ICC tourney 2525 (15 10)"]
[Site "Internet Chess Club"]
[Date "2021.02.21"]
[Round "4"]
[White "alphachesplayer"]
[Black "TheChessKid9753"]
[Result "1-0"]
[ICCResult "Black checkmated"]
[WhiteElo "1713"]
[BlackElo "1631"]
[Opening "Sicilian: Najdorf"]
[ECO "B90"]
[NIC "SI.14"]
[Time "15:30:55"]
[PlyCount "111"]
[TimeControl "900+10"]

1. e4 c5 2. Nf3 d6 3. d4 cxd4 4. Nxd4 Nf6 5. Nc3 a6 6. f3 h5 7. Be3 e5 8.
Nb3 Be6 9. Nd5 Bxd5 10. exd5 Nbd7 11. Qd2 Rc8 12. Be2 Qc7 13. c4 g6 14. O-O
Bg7 15. Rac1 O-O 16. Na1 Nc5 17. b4 Ncd7 18. Nb3 b6 19. c5 dxc5 20. bxc5
bxc5 21. Nxc5 Qd6 22. Nxd7 Qxd7 23. Bxa6 Rxc1 24. Rxc1 Qxd5 25. Qxd5 Nxd5
26. Bc5 Re8 27. Bb7 Nf4 28. Rc2 Rb8 29. Ba6 Ra8 30. Bc4 Rc8 31. Bd6 Ne2+
32. Kf2 Nd4 33. Bxf7+ Kxf7 34. Rxc8 Ke6 35. Bb4 Bh6 36. a4 g5 37. a5 Kd7
38. Rh8 Bg7 39. Rxh5 Kc6 40. Rxg5 Bh6 41. Rg6+ Kb5 42. Rxh6 Kxb4 43. a6 Nb5
44. Rb6 Ka5 45. Rxb5+ Kxa6 46. Rxe5 Kb6 47. h4 Kc6 48. h5 Kd6 49. f4 Kd7
50. h6 Kd6 51. h7 Kd7 52. h8=Q Kd6 53. Qd8+ Kc6 54. Re6+ Kb7 55. Rb6+ Ka7
56. Qb8# { Black checkmated } 1-0

[Event "ICC tourney 2525 (15 10)"]
[Site "Internet Chess Club"]
[Date "2021.02.21"]
[Round "4"]
[White "ew06"]
[Black "LittleJimmy"]
[Result "0-1"]
[ICCResult "White checkmated"]
[WhiteElo "1236"]
[BlackElo "1410"]
[Opening "Giuoco Piano: Möller (Therkatz) attack"]
[ECO "C54"]
[NIC "IG.02"]
[Time "15:30:41"]
[PlyCount "74"]
[TimeControl "900+10"]

1. e4 e5 2. Nf3 Nc6 3. Bc4 Bc5 4. c3 Nf6 5. d4 exd4 6. cxd4 Bb4+ 7. Nc3
Nxe4 8. O-O Bxc3 9. d5 Ne7 10. d6 Nxd6 11. Bxf7+ Nxf7 12. bxc3 O-O 13. Qb3
d5 14. c4 dxc4 15. Qxc4 Qd5 16. Qxc7 Nc6 17. Qg3 Nce5 18. Nxe5 Qxe5 19. Bf4
Qf6 20. Rfe1 Be6 21. Rab1 b6 22. a3 Rac8 23. Re3 Ba2 24. Rbe1 Rfd8 25. Bc7
Rf8 26. Be5 Nxe5 27. Rxe5 Bf7 28. Re7 Qxe7 29. f3 Qxa3 30. Qf4 Qc5+ 31. Kh1
Qf2 32. Rg1 Rc2 33. h4 Bd5 34. Qe5 Bxf3 35. gxf3 Qxf3+ 36. Rg2 Qh3+ 37. Rh2
Rf1# { White checkmated } 0-1

[Event "ICC tourney 2525 (15 10)"]
[Site "Internet Chess Club"]
[Date "2021.02.21"]
[Round "4"]
[White "HengruiZhang"]
[Black "Chessamma"]
[Result "1-0"]
[ICCResult "Black resigns"]
[WhiteElo "1534"]
[BlackElo "1597"]
[Opening "Queen's pawn, Mason variation, Steinitz counter-gambit"]
[ECO "D00"]
[NIC "QP.08"]
[Time "15:30:37"]
[PlyCount "71"]
[TimeControl "900+10"]

1. d4 d5 2. Bf4 c5 3. Nf3 Nf6 4. e3 Bf5 5. Nc3 e6 6. h3 h6 7. Bd3 Bxd3 8.
Qxd3 Nc6 9. Nb5 Rc8 10. O-O a6 11. Nc3 Be7 12. dxc5 Bxc5 13. a3 O-O 14. Ne2
Re8 15. Ne5 Bd6 16. Nxc6 Rxc6 17. Bxd6 Qxd6 18. Ng3 Rec8 19. c3 e5 20. Rfd1
Rd8 21. Nf5 Qd7 22. Ng3 Rcc8 23. Qe2 Qe6 24. Rd2 Nd7 25. Rad1 Nc5 26. c4 e4
27. Rxd5 Rxd5 28. cxd5 Qe5 29. Qc2 Qe8 30. Rc1 a5 31. b4 axb4 32. axb4 b6
33. bxc5 bxc5 34. Qxe4 Qd7 35. Qf5 Qxf5 36. Nxf5 { Black resigns } 1-0

[Event "ICC tourney 2525 (15 10)"]
[Site "Internet Chess Club"]
[Date "2021.02.21"]
[Round "4"]
[White "wcchloe"]
[Black "ChessPro124851"]
[Result "1-0"]
[ICCResult "Black checkmated"]
[WhiteElo "1663"]
[BlackElo "1441"]
[Opening "Sicilian defense"]
[ECO "B33"]
[NIC "SI.34"]
[Time "15:30:45"]
[PlyCount "135"]
[TimeControl "900+10"]

1. e4 c5 2. Nf3 Nc6 3. d4 cxd4 4. Nxd4 Nf6 5. Nc3 Qb6 6. Nxc6 dxc6 7. Be2
e5 8. O-O Be6 9. b3 Rd8 10. Bd3 Bb4 11. Na4 Qc7 12. Qf3 b5 13. Nb2 Bc3 14.
Be2 Bg4 15. Qxc3 Bxe2 16. Re1 Bh5 17. Nd3 Bg6 18. Qxe5+ Qxe5 19. Nxe5 Bxe4
20. Nxc6 Rd7 21. f3 O-O 22. fxe4 Re8 23. e5 Ng4 24. Bf4 Re6 25. Rad1 Rxd1
26. Rxd1 f6 27. Nd4 Re8 28. Re1 fxe5 29. Bg3 e4 30. Nxb5 e3 31. Nd4 Rd8 32.
c3 Rf8 33. Rf1 Re8 34. h3 Nf6 35. Re1 Nd5 36. c4 Nc3 37. a3 Rd8 38. Rxe3
Rxd4 39. Rxc3 Rd1+ 40. Kf2 Rd2+ 41. Kf3 Kf7 42. c5 Ke6 43. c6 Rd8 44. c7
Rc8 45. b4 Rf8+ 46. Ke4 Rc8 47. b5 Kd7 48. a4 Re8+ 49. Kd5 Kc8 50. a5 Kb7
51. c8=Q+ Rxc8 52. Rxc8 Kxc8 53. Kc6 g5 54. b6 axb6 55. axb6 g4 56. b7+ Kd8
57. b8=Q+ Ke7 58. Bh4+ Ke6 59. Qd6+ Kf5 60. hxg4+ Kxg4 61. Qg3+ Kf5 62. Kd5
h6 63. Qf3+ Kg6 64. Qf6+ Kh5 65. g4+ Kxg4 66. Ke4 h5 67. Qg5+ Kh3 68. Qg3#
{ Black checkmated } 1-0